 Dungeon Crawl Stone Soup version 0.28-a0-1555-g9ae15a6949 (webtiles) character file.

Game seed: 14379722532710231568

19 riojii the Insei (level 2, -1/18 HPs)
             Began as an Octopode Transmuter on Jan 18, 2022.
             Slain by an adder (5 damage)
             ... on level 1 of the Dungeon.
             The game lasted 00:01:53 (1503 turns).

riojii the Insei (Octopode Transmuter)              Turns: 1503, Time: 00:01:53

Health: -1/18      AC:  1    Str: 15    XL:     2   Next: 75%
Magic:  4/5        EV: 13    Int: 15    God:
Gold:   27         SH:  0    Dex: 12    Spells: 4/5 levels left

rFire   . . .      SeeInvis .     - Unarmed
rCold   . . .      Faith    .   (no shield)
rNeg    . . .      Spirit   .   (helmet currently unavailable)
rPois   .          Reflect  .   (no amulet)
rElec   .          Harm     .   d - +6 ring of strength
rCorr   .          Rampage  .   (no ring)
Will    .....                   (no ring)
Stlth   ++........              (no ring)
HPRegen 0.06/turn               (no ring)
MPRegen 0.09/turn               (no ring)
                                (no ring)
                                (no ring)

@: appendages (expiring)
A: tentacle spike 3, almost no armour, amphibious, 8 rings, camouflage 1,
gelatinous body 1, (nimble swimmer 1), tentacles
a: End Transformation


You were on level 1 of the Dungeon.
One of your tentacles had grown a beastly spike.
You visited 1 branch of the dungeon, and saw 2 of its levels.

You collected 27 gold pieces.

Inventory:

Jewellery
 d - a +6 ring of strength (left tentacle)
Potions
 a - a potion of curing {unknown}


   Skills:
 + Level 1.2 Fighting
 + Level 2.2 Dodging
 * Level 3.3 Unarmed Combat
 + Level 2.1 Spellcasting
 * Level 2.4 Transmutations


You had 4 spell levels left.
You knew the following spells:

 Your Spells              Type           Power      Damage    Failure   Level
a - Beastly Appendage     Tmut           16%        N/A       9%          1

Your spell library contained the following spells:

 Spells                   Type           Power      Damage    Failure   Level
 Wereblood                Tmut           8%         N/A       12%         2
 Spider Form              Tmut/Pois      5%         N/A       38%         3
 Ice Form                 Ice/Tmut       5%         N/A       80%         4


Dungeon Overview and Level Annotations

Branches:
Dungeon (2/15)

Altars:

Annotations:
D:2 Robin


Innate Abilities, Weirdness & Mutations

One of your tentacles has grown a beastly spike.
You cannot wear most types of armour.
You are amphibious.
You can wear up to eight rings at the same time.
Your skin changes colour to match your surroundings (Stealth+).
Your rubbery body absorbs attacks. (AC +1, EV +1)
((You are camouflaged when in or above water. (Stealth+)))
You have tentacles for arms and can constrict up to eight enemies at once.


Message History

Level annotation: Robin A goblin comes into view.
It is wielding a +0 dagger.
Found a glowing orange potion.
Found a stone staircase leading down.
There is a stone staircase leading up here.
One of your tentacles grows a vicious spike.
You tentacle-slap the goblin.
You kill the goblin!
You see here a +0 dagger.
Found a dark potion.
Found a stone staircase leading up.
Your transformation is almost over.
The goblin shouts!
The adder hisses angrily.
You see here a +0 dagger.
There is a stone staircase leading up here.
You extend your transformation's duration.
You tentacle-slap the goblin. You grab the goblin.
You pierce the goblin.
You kill the goblin!
The adder bites you.
You tentacle-slap the adder. Your grab misses the adder.
Your tentacle spike misses the adder.
The adder is lightly wounded.
The adder misses you. The goblin closely misses you.
You tentacle-slap the adder. Your grab misses the adder.
Your tentacle spike misses the adder.
The adder is heavily wounded.
Your transformation is almost over.
The adder bites you. The goblin barely misses you. The adder bites you.
The goblin hits you with a +0 club.
* * * LOW HITPOINT WARNING * * *
The adder barely misses you.
You climb upwards.
There is a stone staircase leading down here.
You closely miss the adder. Your grab misses the adder.
The adder is heavily wounded.
The adder closely misses you. The goblin completely misses you.
You tentacle-slap the adder but do no damage.
Your grab misses the adder. You squeeze the adder.
The adder is almost dead.
The adder bites you.
You die...

#..##.#.'8.8'..........##.....
##....#.##.##.##.......###....
#.#....##.##.##..............
#.#..#.##+#..........#####...
#####.#.##.#.......#.............
#............[........≈≈≈........
#..........#.........≈≈≈≈≈.......
#..........#...S..#####≈#####....
#..........#....@g# ##≈≈# ####(
#..........#####.## #§### ##
#..........# #.# #§######
#..........# #.# ##≈##≈≈#
#..........# #.# #§≈§≈≈≈######
#......)...# #.# #§§§≈#####...#
#..........# #.#####≈§# #....
############ #..# #### #.... #.##
##†..


You could see an adder and a goblin.

Vanquished Creatures
  An endoplasm (D:1)
  6 goblins
  3 hobgoblins (D:1)
  2 ball pythons (D:1)
  2 bats (D:1)
  A frilled lizard (D:1)
  A kobold (D:1)
  A rat (D:1)
17 creatures vanquished.

Notes
Turn   | Place    | Note
-------+----------+-------------------------------------------
     0 | D:1      | riojii the Octopode Transmuter began the quest for the Orb.
     0 | D:1      | Reached XP level 1. HP: 13/13 MP: 3/3
   150 | D:1      | Reached XP level 2. HP: 15/18 MP: 5/5
  1290 | D:2      | Noticed Robin
  1503 | D:1      | Slain by an adder

Illustrated notes

Levels and vault maps discovered:
D:1:      wander_arrival_chamber, layout_rooms, lemuel_another_geyser
D:2:      layout_rooms, serial_co_window_serial, co_window_corner_a,
          co_window_corner_a, co_window_of_opportunity_a, co_window_corner_a,
          co_window_corner_a, co_window_corner_ca, co_window_unsneaky_path_d,
          co_window_of_opportunity_b, co_window_sun, serial_shops,
          nicolae_shop_bloodbath_and_beyond, shop, shop, shop, uniq_jessica,
          uniq_robin

Action                   || total
-------------------------++-------
Melee: Unarmed           ||    33
       Constrict         ||     7
       Kick              ||     8
       Tentacles         ||     5
 Cast: Beastly Appendage ||    11
  Use: Scroll            ||     2
 Stab: Sleeping          ||     2
Armor: Skin              ||     1
Dodge: Dodged            ||    23

Table legend: (Time is in decaauts)
 A = Elapsed time spent in this place.
 B = Non-inter-level travel time spent in this place.
 C = Inter-level travel time spent in this place.
 D = Time resting spent in this place.
 E = Time spent auto-exploring this place.
 F = Levels seen in this place.
 G = Mean time per level.
                   A        B        C        D        E       F      G
               +--------+--------+--------+--------+--------+-----+--------+
         Total |   1502 |   1442 |     60 |    606 |    630 |   2 |  751.0 |
       Dungeon |   1502 |   1442 |     60 |    606 |    630 |   2 |  751.0 |
               +--------+--------+--------+--------+--------+-----+--------+

Top non-repeatable levels by time:
     D:1: 1472 daAuts
     D:2: 30 daAuts
